 Dungeon Crawl Stone Soup version 0.21.0-3-g78d12a8 (console) character file.

6108 removed the Cruncher (level 11, -6/72 HPs)
             Began as a Halfling Fire Elementalist on Jan 9, 2018.
             Was an Elder of Okawaru.
             Killed from afar by an electric eel (13 damage)
             ... with a bolt of electricity
             ... in a bailey.
             The game lasted 00:24:39 (9533 turns).

removed the Cruncher (Halfling Fire Elementalist)   Turns: 9533, Time: 00:24:40

Health: -6/72      AC: 18    Str: 10    XL:     11   Next: 12%
Magic:  22/22      EV: 10    Int: 13    God:    Okawaru [****..]
Gold:   372        SH:  0    Dex: 24    Spells: 10/13 levels left

rFire    + . .     SeeInvis +   a - +1 spear (venom)
rCold    . . .     Gourm    .   (shield restricted)
rNeg     . . .     Faith    .   V - +1 chain mail of Ycadwips {rF+ Dex+3 SInv}
rPois    .         Spirit   .   (no helmet)
rElec    .         Reflect  .   F - +1 cloak
rCorr    .         Harm     .   E - +2 pair of gloves {Dex+3}
MR       .....                  X - +1 pair of boots
Stlth    ..........             d - amulet of rage
HPRegen  0.22/turn              g - ring of magical power
MPRegen  0.18/turn              (no ring)

@: no status effects
A: small, mutation resistance 1
a: Heroism, Renounce Religion, Evoke Berserk Rage


You were in a bailey.
You worshipped Okawaru.
Okawaru was greatly pleased with you.
You were not hungry.

You visited 2 branches of the dungeon, and saw 11 of its levels.
You also visited: Bailey.

You collected 482 gold pieces.
You spent 110 gold pieces at shops.

Inventory:

Hand Weapons
 a - a +1 spear of venom (weapon)
 b - a +5 quarterstaff of chaos
 t - a +1 spear of venom
 G - a +4 dagger
 J - a +1 flail of protection
 R - the +9 hand axe "Tiplugo" {chop, Str+4 Stlth+}
   (You found it on level 10 of the Dungeon)

   It inflicts extra damage upon your enemies.
   It affects your strength (+4).
   It makes you more stealthy.
Missiles
 C - 2 throwing nets (quivered)
Armour
 f - a +0 buckler
 p - a +0 robe
 E - a +2 pair of gloves of dexterity (worn)
 F - a +1 cloak (worn)
 S - the +2 robe "Xaukaulesi" {Str+6}
   (You found it on level 9 of the Dungeon)

   It affects your strength (+6).
 V - the +1 chain mail of Ycadwips (worn) {rF+ Dex+3 SInv}
   (You found it on level 8 of the Dungeon)

   It affects your dexterity (+3).
   It protects you from fire.
   It lets you see invisible.
 X - a +1 pair of boots (worn)
Jewellery
 d - an amulet of rage (around neck)
 g - a ring of magical power (left hand)
 U - an uncursed ring of wizardry
Wands
 B - a wand of flame (20)
 O - a wand of iceblast (6)
 Q - a wand of polymorph (6)
 T - a wand of paralysis (11)
 W - a wand of random effects (26)
Scrolls
 v - 9 scrolls of remove curse
 y - a scroll of blinking
 M - 3 scrolls of identify
Potions
 i - 4 potions of flight
 m - 4 potions of brilliance
 o - a potion of ambrosia
 A - a potion of lignification
 K - 7 potions of curing
 L - a potion of heal wounds
Books
 s - a book of Flames

   Spells                             Type                      Level
   a - Flame Tongue                   Conjuration/Fire             1
   b - Throw Flame                    Conjuration/Fire             2
   c - Conjure Flame                  Conjuration/Fire             3
   d - Inner Flame                    Hexes/Fire                   3
   e - Sticky Flame                   Conjuration/Fire             4
   f - Fireball                       Conjuration/Fire             5
 z - a book of Necromancy

   Spells                             Type                      Level
   a - Pain                           Necromancy                   1
   b - Animate Skeleton               Necromancy                   1
   c - Vampiric Draining              Necromancy                   3
   d - Regeneration                   Charms/Necromancy            3
   e - Animate Dead                   Necromancy                   4
   f - Borgnjor's Vile Clutch         Necromancy/Earth             5
 Y - a book of Frost

   Spells                             Type                      Level
   a - Freeze                         Ice                          1
   b - Throw Frost                    Conjuration/Ice              2
   c - Ozocubu's Armour               Charms/Ice                   3
   d - Throw Icicle                   Conjuration/Ice              4
   e - Summon Ice Beast               Ice/Summoning                4
Comestibles
 c - 13 rations
 Z - 7 chunks of flesh


   Skills:
 - Level 5.8 Fighting
 - Level 9.7 Staves
 - Level 5.3 Armour
 - Level 7.5 Dodging
 - Level 2.1 Stealth
 - Level 1.5 Spellcasting
 - Level 0.7 Conjurations
 - Level 3.0 Fire Magic
 + Level 3.5 Invocations


You had 10 spell levels left.
You knew the following spells:

 Your Spells              Type           Power        Failure   Level  Hunger
b - Conjure Flame         Conj/Fire      #.......     100%        3    ####...


Dungeon Overview and Level Annotations

Branches:
Dungeon (10/15)            Temple (1/1) D:5            Lair (0/6) D:8
    Orc: D:9-12

Altars:
Ashenzari
Cheibriados
Dithmenos
Elyvilon
Fedhas
Gozag
Hepliaklqana
Kikubaaqudgha
Makhleb
Nemelex Xobeh
Okawaru
Qazlal
Ru
Sif Muna
Trog
Uskayaw
Vehumet
Wu Jian
Xom
Yredelemnul
Zin
The Shining One

Shops:
D:4 !

Annotations:
D:4 exclusion: ogre


Innate Abilities, Weirdness & Mutations

You are small and have problems with some larger weapons.
You are somewhat resistant to further mutation.


Message History

Aim: an orc knight, wielding a war axe and wearing a plate armour (almost dead, poisoned, slightly transparent)
You hit the orc knight but do no damage.
The orc knight looks as sick as possible!
The orc knight is almost dead.
The orc knight hits you with a war axe!
* * * LOW HITPOINT WARNING * * *
Okay, then.
As you read the scroll of fog, it crumbles to dust.
The scroll dissolves into smoke.
You kill the orc knight!
Okawaru is honoured by your kill.
Your Invocations skill gained 2 levels and is now at level 3!
You feel like a meek peon again.
Okay, then.
Okay, then.
The electric eel shoots out a bolt of lightning at you!
The bolt of electricity hits you!
* * * LOW HITPOINT WARNING * * *
The bolt of electricity hits you!
You die...

####### #§§§§.#
#§§§§.# #§§§§§#
+.§§..+ +..§§@+
#####))'#####
#...........#
##≈≈≈;...≈≈≈≈##
≈≈≈≈≈≈≈...≈≈≈≈≈≈
≈≈≈≈≈≈≈...≈≈≈≈≈≈
≈≈≈≈≈≈≈...≈≈≈≈≈≈
≈≈≈≈≈≈≈...≈≈≈≈≈≈
≈≈≈≈.........≈≈≈


You could see an electric eel.

Vanquished Creatures
  An orc knight (Bailey)
  An elephant (D:8)
  Joseph (D:8)
  2 trolls (D:9)
  2 hippogriffs (D:9)
  Sigmund (D:2)
  A yak (D:8)
  A basilisk (D:8)
  A water moccasin (D:8)
  2 orc warriors
  A sky beast (D:7)
  An ice beast (D:9)
  5 ogres
  A phantom (D:5)
  5 centaurs
  A crocodile (D:8)
  3 big kobolds
  4 bullfrogs
  2 gnoll sergeants (D:5)
  5 scorpions
  2 howler monkeys
  7 wights (D:9)
  4 crimson imps
  2 centaur zombies
  Crazy Yiuf (D:2)
  3 orc priests
  A centaur skeleton (D:8)
  5 hounds
  2 bullfrog skeletons
  An iguana (D:5)
  3 orc wizards
  2 worker ants
  A killer bee zombie (D:9)
  A hound zombie (D:10)
  4 hound skeletons
  A worker ant zombie (D:6)
  A howler monkey zombie (D:5)
  10 gnolls
  9 adders
  An ooze (D:2)
  2 adder zombies
  5 adder skeletons
  2 worms (D:2)
  A dart slug (D:2)
  4 leopard geckos
  22 orcs
  2 ball pythons
  3 bat skeletons (D:2)
  A bat zombie (D:2)
  2 giant cockroaches
  10 goblins
  9 hobgoblins
  9 jackals
  2 quokkas
  A ball python zombie (D:2)
  7 bats
  5 frilled lizards
  2 giant cockroach zombies (D:2)
  A jackal skeleton (D:2)
  22 kobolds
  A leopard gecko skeleton (D:2)
  3 rats
218 creatures vanquished.

Vanquished Creatures (others)
  A goblin (Bailey)
  2 withered plants (D:2)
3 creatures vanquished.

Grand Total: 221 creatures vanquished

Notes
Turn   | Place    | Note
-------+----------+-------------------------------------------
     0 | D:1      | removed the Halfling Fire Elementalist began the quest for the Orb.
     0 | D:1      | Reached XP level 1. HP: 11/11 MP: 3/3
   314 | D:1      | Reached skill level 1 in Fighting
   586 | D:2      | Reached XP level 2. HP: 18/18 MP: 4/4
   588 | D:2      | Noticed Sigmund
   772 | D:2      | Reached XP level 3. HP: 13/25 MP: 5/5
   905 | D:2      | Learned a level 3 spell: Conjure Flame
  1109 | D:2      | Reached XP level 4. HP: 29/30 MP: 3/6
  1476 | D:2      | Found an opulent altar of Gozag.
  1912 | D:3      | Reached XP level 5. HP: 35/35 MP: 7/7
  2456 | D:2      | Killed Sigmund
  2456 | D:2      | Reached XP level 6. HP: 44/44 MP: 8/8
  2473 | D:2      | Found a bloodstained altar of Trog.
  2585 | D:2      | Found a runed door.
  2589 | D:2      | Noticed Crazy Yiuf
  2604 | D:2      | Killed Crazy Yiuf
  2850 | D:4      | Noticed an ogre
  2876 | D:3      | Killed an ogre
  2876 | D:3      | Reached skill level 5 in Dodging
  2876 | D:3      | Reached XP level 7. HP: 36/49 MP: 9/9
  3083 | D:4      | Found Lythrula's Distillery.
  3584 | D:4      | Bought 2 potions of curing for 60 gold pieces
  3584 | D:4      | Bought a potion of heal wounds for 50 gold pieces
  3702 | D:5      | Entered Level 5 of the Dungeon
  3716 | D:5      | Found a staircase to the Ecumenical Temple.
  3731 | D:5      | Reached XP level 8. HP: 40/54 MP: 10/10
  3742 | D:5      | Reached skill level 5 in Fighting
  3755 | Temple   | Entered the Ecumenical Temple
  4246 | D:5      | Found a stormy altar of Qazlal.
  4261 | D:5      | Found a blossoming altar of Fedhas.
  4294 | D:5      | Found an iron altar of Okawaru.
  4346 | D:5      | Found a hide-covered altar of Uskayaw.
  4386 | D:5      | Became a worshipper of Warmaster Okawaru
  4483 | D:5      | Reached skill level 1 in Staves
  4930 | D:5      | Reached skill level 2 in Staves
  5117 | D:6      | Reached skill level 3 in Staves
  5136 | D:6      | Found a shimmering altar of Xom.
  5136 | D:6      | Found a glowing silver altar of Zin.
  5137 | D:6      | Noticed an angel
  5282 | D:5      | Reached XP level 9. HP: 33/62 MP: 11/11
  5437 | D:5      | Reached skill level 4 in Staves
  5553 | D:6      | Reached * piety under Okawaru
  5959 | D:6      | Reached skill level 5 in Staves
  6266 | D:7      | Found a shadowy altar of Dithmenos.
  6542 | D:7      | Reached skill level 6 in Staves
  7136 | D:8      | Found a staircase to the Lair.
  7137 | D:8      | Noticed an elephant
  7160 | D:8      | Reached ** piety under Okawaru
  7160 | D:8      | Reached skill level 7 in Staves
  7233 | D:8      | Killed an elephant
  7233 | D:8      | Reached XP level 10. HP: 55/68 MP: 12/12
  7305 | D:8      | Found a sacrificial altar of Ru.
  7305 | D:8      | Found a glowing golden altar of the Shining One.
  7305 | D:8      | Found an ancient bone altar of Kikubaaqudgha.
  7306 | D:8      | Found an ornate altar of the Wu Jian Council.
  7554 | D:8      | Reached skill level 8 in Staves
  7572 | D:8      | Got an ichor-stained chain mail
  7639 | D:8      | Identified the cursed +1 chain mail of Ycadwips {rF+ Dex+3 SInv} (You found it on level 8 of the Dungeon)
  7727 | D:8      | Noticed Joseph
  7750 | D:8      | Killed Joseph
  8169 | D:9      | Reached skill level 5 in Armour
  8178 | D:9      | Reached *** piety under Okawaru
  8377 | D:9      | Got a brightly glowing robe
  8420 | D:9      | Received a gift from Okawaru
  8721 | D:9      | Reached skill level 9 in Staves
  8766 | D:9      | Identified the +2 robe "Xaukaulesi" {Str+6} (You found it on level 9 of the Dungeon)
  9021 | D:9      | Reached **** piety under Okawaru
  9105 | D:9      | Found a deep blue altar of Sif Muna.
  9124 | D:10     | Entered Level 10 of the Dungeon
  9227 | D:10     | Reached XP level 11. HP: 50/72 MP: 13/13
  9361 | D:10     | Found a flagged portal.
  9369 | D:10     | Got a smoking hand axe
  9471 | Bailey   | Entered a bailey
  9472 | Bailey   | Identified the +9 hand axe "Tiplugo" {chop, Str+4 Stlth+} (You found it on level 10 of the Dungeon)
  9487 | Bailey   | Noticed an orc knight
  9495 | Bailey   | Reached skill level 1 in Invocations
  9523 | Bailey   | Killed an orc knight
  9533 | Bailey   | Killed from afar by an electric eel

Skill      XL: |  1  2  3  4  5  6  7  8  9 10 11 |
---------------+----------------------------------+-----
Fighting       | 1 2 4 5 |  5.8
Dodging        | 4 5 7 |  7.5
Staves         | 3 7 9 |  9.7
Armour         | 5 |  5.3
Invocations    | 3 |  3.5
Stealth        | |  2.1
Spellcasting   | |  1.5
Conjurations   | |  0.7
Fire Magic     | |  3.0

Action                   |  1- 3 |  4- 6 |  7- 9 | 10-12 || total
-------------------------+-------+-------+-------+-------++-------
Melee: Spear             |       |   127 |   326 |   194 ||   647
       Quarterstaff      |       |       |   103 |   112 ||   215
 Cast: Flame Tongue      |    62 |    20 |       |       ||    82
       Conjure Flame     |     1 |     5 |       |       ||     6
Invok: Heroism           |       |       |       |     2 ||     2
Evoke: Wand              |       |       |     6 |     1 ||     7
  Use: Scroll            |       |     4 |     5 |     8 ||    17
       Potion            |       |       |     1 |       ||     1
 Stab: Distracted        |       |     2 |       |       ||     2
       Sleeping          |       |     1 |     7 |       ||     8
       Confused          |       |       |     2 |     3 ||     5
       Paralysed         |       |       |       |     7 ||     7
       Petrified         |       |       |       |     3 ||     3
       Petrifying        |       |       |       |     1 ||     1
  Eat: Chunk             |     2 |     7 |     9 |     4 ||    22
       Ration            |       |       |     2 |     1 ||     3
Armor: Robe              |     6 |    13 |    21 |     3 ||    43
       Leather armour    |       |       |    48 |       ||    48
       Chain mail        |       |       |       |   163 ||   163
Dodge: Dodged            |    31 |    99 |   425 |   142 ||   697
